 Dungeon Crawl Stone Soup version 0.27-a0-334-g52645efa06 (webtiles) character file.

Game seed: 1928473587046532472

4565 lunkers the Martial Artist (level 10, -3/73 (76) HPs)
             Began as a Merfolk Transmuter on Feb 11, 2021.
             Was a Priest of Ru.
             Slain by a troll (14 damage)
             ... on level 9 of the Dungeon on Feb 14, 2021.
             The game lasted 00:19:06 (12293 turns).

lunkers the Martial Artist (Merfolk Transmuter)    Turns: 12293, Time: 00:19:07

HP:   -3/73 (76)    AC:  6    Str: 10    XL:     10   Next: 40%
MP:   21/21         EV: 18    Int: 18    God:    Ru [***...]
Gold: 780           SH:  5    Dex: 21    Spells: 3/12 levels left

rFire    . . .     SeeInvis .     - Unarmed
rCold    + . .     Faith    .   (shield currently unavailable)
rNeg     . . .     Spirit   .   v - +0 steam dragon scales
rPois    .         Reflect  +   (no helmet)
rElec    +         Harm     .   F - +0 cloak
rCorr    .         Rampage  .   (gloves currently unavailable)
Will     .....                  (no boots)
Stlth    ++........             x - amulet "Myidyfri" {Reflect rElec rC+ Dex+2 SH+5}
HPRegen  0.22/turn              k - +6 ring of intelligence
MPRegen  0.17/turn              p - ring of magical power

@: exhausted, blade hands, studying Bows, lightly drained
A: change form in water, swift swim, stealthy swim, agile 1, dopey 1, unskilled
1, inexperienced 1
a: End Transformation, Renounce Religion, Draw Out Power


You were on level 9 of the Dungeon.
You worshipped Ru.
Ru was most pleased with you.
You had blades for hands.
You visited 3 branches of the dungeon, and saw 12 of its levels.

You collected 780 gold pieces.

Inventory:

Armour
 a - a +0 hat
 g - a +2 pair of gloves (melded)
 v - +0 steam dragon scales (worn)
 F - a +0 cloak (worn)
Jewellery
 c - an amulet of regeneration
 k - a +6 ring of intelligence (left scythe-like blade)
 p - a ring of magical power (right scythe-like blade)
 q - an amulet of magic regeneration
 x - the amulet "Myidyfri" (around neck) {Reflect rElec rC+ Dex+2 SH+5}
   (You found it on level 5 of the Dungeon)

   [amulet of reflection]

   It shields you and reflects attacks.
   It affects your dexterity (+2).
   It protects you from cold.
   It insulates you from electricity.
   It affects your SH (+5).
 y - an amulet of faith
Wands
 s - a wand of digging (4)
 D - a wand of paralysis (5)
Scrolls
 d - 3 scrolls of blinking {unknown}
 i - 5 scrolls of teleportation
 j - 2 scrolls of enchant armour {unknown}
 l - 2 scrolls of fog {unknown}
 u - 3 scrolls of fear {unknown}
 z - a scroll of amnesia {unknown}
 A - 2 scrolls of enchant weapon {unknown}
 E - a scroll of magic mapping {unknown}
 G - a scroll of random uselessness {unknown}
Potions
 b - 2 potions of berserk rage
 e - a potion of invisibility
 f - 5 potions of curing
 h - 5 potions of attraction
 m - a potion of might
 n - 2 potions of cancellation
 o - 2 potions of heal wounds
 r - 3 potions of flight
 t - 2 potions of mutation
 w - a potion of brilliance
 B - a potion of experience {unknown}
 C - 2 potions of ambrosia
 H - a potion of lignification {unknown}


   Skills:
 + Level 5.7 Fighting
 + Level 6.9 Dodging
 - Level 12.0 Unarmed Combat
 - Level 1.7 Spellcasting
 - Level 11.0 Transmutations


You had 3 spell levels left.
You knew the following spells:

 Your Spells              Type           Power        Failure   Level
b - Blade Hands           Tmut           20%          34%         5
c - Spider Form           Tmut/Pois      10%          36%         3
p - Beastly Appendage     Tmut           82%          9%          1

Your spell library contained the following spells:

 Spells                   Type           Power        Failure   Level
 Wereblood                Tmut           41%          10%         2
 Corona                   Hex            1%           61%         1
 Magic Dart               Conj           4%           61%         1
 Searing Ray              Conj           2%           71%         2
 Slow                     Hex            1%           71%         2
 Confusing Touch          Hex            1%           87%         3
 Dazzling Flash           Conj/Hex       2%           87%         3
 Gell's Gravitas          Tloc           0%           87%         3
 Inner Flame              Hex/Fire       1%           87%         3
 Portal Projectile        Hex/Tloc       2%           87%         3
 Static Discharge         Conj/Air       1%           87%         3
 Ice Form                 Ice/Tmut       21%          61%         4
 Petrify                  Tmut/Erth      21%          61%         4
 Yara's Violent Unravell  Hex/Tmut       10%          86%         5
 Cause Fear               Hex            0%           99%         4
 Fulminant Prism          Conj/Hex       0%           99%         4
 Iskenderun's Mystic Bla  Conj/Tloc      1%           99%         4
 Leda's Liquefaction      Hex/Erth       0%           99%         4
 Lightning Bolt           Conj/Air       0%           100%        5
 Metabolic Englaciation   Hex/Ice        0%           100%        5
 Ignition                 Fire           0%           100%        8
 Shatter                  Erth           0%           100%        9
 Tornado                  Air            0%           100%        9


Dungeon Overview and Level Annotations

Branches:
Dungeon (10/15)            Temple (1/1) D:5            Lair (0/6) D:9
    Orc (1/2) D:9

Altars:
Ashenzari
Cheibriados
Dithmenos
Elyvilon
Fedhas
Gozag
Hepliaklqana
Kikubaaqudgha
Makhleb
Nemelex Xobeh
Okawaru
Qazlal
Ru
Sif Muna
Trog
Uskayaw
Vehumet
Wu Jian
Xom
Yredelemnul
Zin
The Shining One
Beogh


Innate Abilities, Weirdness & Mutations

You revert to your normal form in water.
You are very nimble and swift while swimming.
You are very stealthy in the water. (Stealth+)
You are somewhat unskilled. (-1 Apt)
You are somewhat inexperienced. (-2 XL)
You are agile. (Dex +2)
You are dopey. (Int -2)


Message History

An orc comes into view. It is wielding a +0 dagger.
The orc shouts!
You slash the orc!
You kill the orc!
The orc warrior hits you with a +0 dire flail!
* * * LOW HITPOINT WARNING * * *
The orc priest invokes the aid of Beogh against you.
Beogh smites you!
* * * LOW HITPOINT WARNING * * *
The troll barely misses you. The troll completely misses you.
The troll claws you!
* * * LOW HITPOINT WARNING * * *
You climb upwards.
Welcome back to the Dungeon!
There is a staircase to the Orcish Mines here.
Unknown command.
You are restored by drawing out deep reserves of power within.
You feel drained.
The orc warrior hits you with a +0 dire flail.
* * * LOW HITPOINT WARNING * * *
The troll closely misses you. The troll claws you but does no damage.
You block the troll's attack.
Unknown command.
You slice the orc warrior!!
The orc warrior is almost dead.
The orc warrior completely misses you. The troll barely misses you.
The troll claws you but does no damage. The troll barely misses you.
Unknown command.
You hit the orc warrior but do no damage.
The orc warrior is almost dead.
Unknown command.
You slash the orc warrior!
You kill the orc warrior!
The troll bites you!
* * * LOW HITPOINT WARNING * * *
The troll misses you. The troll claws you!
* * * LOW HITPOINT WARNING * * *
You slice the troll!! You slash the troll.
The troll is heavily wounded.
The troll bites you!
You die...

.>.....# #.#.##.........#### #
.......####..............# #
.......+......##.........# #
.......#####'............# #
#.####...................# # #.#
#...[[..............# #
..####...)[..............########
.........[##....)T.......'.......
..........##....@........########
..........##.............'.......
..........##.............########
..........##.........###.# #
..........##.........# #.# #####
..........##.........# #.# #....
..........##.######### #.# #.###
..........##.# #.####.###
..........##.####### #.#.......


You could see a troll.

Vanquished Creatures
  A two-headed ogre (D:9)
  Maggie (D:7)
  A troll (D:9)
  Prince Ribbit (D:6)
  A vampire (D:10)
  A wyvern (D:9)
  Edmund (D:6)
  A water moccasin (D:6)
  3 black bears
  A sky beast (D:10)
  5 ice beasts
  7 orc warriors
  4 ogres
  6 centaurs
  2 phantoms
  Blork the orc (D:5)
  3 bullfrogs
  3 scorpions
  A wyvern skeleton (D:5)
  3 killer bees (D:8)
  2 electric eels (D:8)
  6 howler monkeys
  4 centaur zombies
  2 quasits (D:8)
  2 jellies
  A bullfrog skeleton (D:4)
  7 orc priests
  A centaur skeleton (D:4)
  6 hounds
  2 iguanas
  14 orc wizards
  3 worker ants
  A killer bee zombie (D:6)
  2 hound zombies
  A hound skeleton (D:5)
  3 worker ant zombies
  14 adders
  8 gnolls
  A howler monkey skeleton (D:4)
  5 white imps
  3 ufetubi
  3 oozes
  An adder skeleton (D:8)
  3 worms
  A dart slug (D:1)
  7 leopard geckos
  46 orcs
  3 ball pythons
  5 giant cockroaches
  6 hobgoblins
  13 jackals
  6 kobolds
  3 quokkas
  12 bats
  6 frilled lizards
  10 goblins
  5 rats
265 creatures vanquished.

Vanquished Creatures (others)
  A troll (D:9)
  3 killer bees (D:9)
4 creatures vanquished.

Grand Total: 269 creatures vanquished

Notes
Turn   | Place    | Note
-------+----------+-------------------------------------------
     0 | D:1      | lunkers the Merfolk Transmuter began the quest for the Orb.
     0 | D:1      | Reached XP level 1. HP: 15/15 MP: 3/3
   157 | D:1      | Reached XP level 2. HP: 20/21 MP: 3/5
   393 | D:1      | Reached skill level 4 in Unarmed Combat
   475 | D:1      | Reached XP level 3. HP: 26/26 MP: 4/6
   726 | D:2      | Learned a level 3 spell: Spider Form
  1048 | D:2      | Reached XP level 4. HP: 6/32 MP: 5/7
  1135 | D:2      | Reached skill level 5 in Unarmed Combat
  1703 | D:3      | Reached XP level 5. HP: 31/37 MP: 8/8
  1755 | D:3      | Noticed a centaur
  1769 | D:3      | Killed a centaur
  1770 | D:3      | Reached skill level 6 in Unarmed Combat
  1846 | D:3      | Reached skill level 5 in Transmutations
  1902 | D:3      | Reached XP level 6. HP: 41/43 MP: 5/9
  3103 | D:4      | Reached skill level 7 in Unarmed Combat
  3158 | D:4      | Reached XP level 7. HP: 42/48 MP: 10/10
  3479 | D:5      | Entered Level 5 of the Dungeon
  3536 | D:5      | Reached skill level 8 in Unarmed Combat
  3628 | D:5      | Found a staircase to the Ecumenical Temple.
  3653 | Temple   | Entered the Ecumenical Temple
  3807 | Temple   | Became a worshipper of Ru the Awakened
  3822 | D:5      | Upgraded the game from 0.27-a0-328-g7f782ed93a to
                  | 0.27-a0-334-g52645efa06
  3917 | D:5      | Got a glittering ruby amulet
  3954 | D:5      | Identified the amulet "Myidyfri" {Reflect rElec rC+ Dex+2
                  | SH+5} (You found it on level 5 of the Dungeon)
  4211 | D:5      | Noticed Blork the orc
  4218 | D:5      | Killed Blork the orc
  4219 | D:5      | Reached XP level 8. HP: 54/54 MP: 11/11
  4576 | D:5      | Reached skill level 9 in Unarmed Combat
  4846 | D:6      | Learned a level 5 spell: Blade Hands
  5090 | D:6      | Gained mutation: You are somewhat unskilled. (-1 Apt) [Ru
                  | sacrifice]
  5090 | D:6      | Reduced skill Unarmed Combat to level 8
  5090 | D:6      | Reduced skill Spellcasting to level 1
  5090 | D:6      | Reached * piety under Ru
  5161 | D:6      | Reached skill level 9 in Unarmed Combat
  5305 | D:6      | Found a shimmering altar of Xom.
  5305 | D:6      | Found a glowing golden altar of the Shining One.
  5393 | D:6      | Noticed Edmund
  5398 | D:6      | Noticed Prince Ribbit
  5400 | D:6      | Gained mutation: You are dopey. (Int -2) [potion of
                  | mutation]
  5400 | D:6      | Gained mutation: You are agile. (Dex +2) [potion of
                  | mutation]
  5793 | D:6      | Reached XP level 9. HP: 56/59 MP: 11/11
  5820 | D:6      | Killed Edmund
  6121 | D:6      | Reached skill level 10 in Unarmed Combat
  6227 | D:6      | Killed Prince Ribbit
  6372 | D:6      | Got a crude cloak
  6378 | D:6      | Identified the +0 cloak "Omuny" {rElec Str+3 Dex-4} (You
                  | found it on level 6 of the Dungeon)
  6581 | D:7      | Found an ancient bone altar of Kikubaaqudgha.
  6584 | D:7      | Found a blossoming altar of Fedhas.
  7168 | D:7      | Reached skill level 11 in Unarmed Combat
  7286 | D:7      | Noticed Maggie
  7301 | D:7      | Killed Maggie
  8024 | D:8      | Reached XP level 10. HP: 45/65 MP: 12/12
  8285 | D:8      | Reached skill level 10 in Transmutations
  8293 | D:8      | Gained mutation: You are somewhat inexperienced. (-2 XL)
                  | [Ru sacrifice]
  8293 | D:8      | Reached XP level 9. HP: 60/61 MP: 19/20
  8293 | D:8      | Reached XP level 8. HP: 55/55 MP: 19/19
  8293 | D:8      | Reached ** piety under Ru
  8293 | D:8      | Reached *** piety under Ru
  9284 | D:8      | Reached XP level 9. HP: 23/62 MP: 11/11
  9799 | D:9      | Noticed a two-headed ogre
  9809 | D:9      | Killed a two-headed ogre
  9810 | D:9      | Reached skill level 12 in Unarmed Combat
 10290 | D:9      | Found a staircase to the Lair.
 10465 | D:9      | Found a staircase to the Orcish Mines.
 10477 | D:9      | Reached skill level 5 in Dodging
 10488 | D:9      | Reached XP level 10. HP: 57/73 MP: 12/12
 11264 | D:9      | HP: 2/73 [something (16)]
 11771 | D:10     | Entered Level 10 of the Dungeon
 11858 | D:10     | Reached skill level 5 in Fighting
 12069 | D:10     | Noticed an ogre mage
 12069 | D:10     | Noticed a two-headed ogre
 12069 | D:10     | Noticed a tengu warrior
 12069 | D:10     | Noticed a white ugly thing
 12069 | D:10     | Noticed a centaur warrior
 12260 | Orc:1    | Entered Level 1 of the Orcish Mines
 12270 | Orc:1    | Found a roughly hewn altar of Beogh.
 12293 | D:9      | Slain by a troll

Illustrated notes

Levels and vault maps discovered:
D:1:      lightli_arrival_windingriver, layout_rooms
D:2:      layout_basic, minmay_tromino_mix6
D:3:      layout_rooms, serial_curves, eino_curves_03, eino_curves_03,
          minivault_25
D:4:      minmay_clustersquares, layout_loops_cross, serial_glass,
          glass_columns_a, glass_columns_a, glass_columns_a,
          minmay_misc_feat_cross, grunt_ministairs_2
D:5:      layout_basic, minmay_temple_entry_statues_pillars,
          minmay_manual_monstrance, uniq_blork_the_orc
D:6:      layout_loops_ring, gammafunk_temple_overflow_statue, serial_glass,
          glass_columns_b, glass_columns_a, uniq_prince_ribbit1, uniq_edmund
D:7:      layout_basic, grunt_temple_overflow_growth_and_decay, uniq_maggie
D:8:      minmay_razor_zed, layout_cave_pods, minivault_14
D:9:      kennysheep_spiral_hall, layout_basic, dpeg_oklobed_lair, orc_david_3,
          lemuel_flamethrower_hall
D:10:     minmay_the_grid_octo_triangle [minmay_the_grid_octo_horde,
          minmay_the_grid_octo_prize_big_c, minmay_the_grid_octo_empty],
          layout_gridville, minivault_16, uniq_sonja, uniq_harold
Temple:   hc_temple_tempest_star
Orc:1:    layout_caves, basic_altar, serial_shops, shop, uniq_erica

Skill      XL: |  1  2  3  4  5  6  7  8  9 10 |
---------------+-------------------------------+-----
Transmutations | 3 4 5 7 8 9 11 | 11.0
Unarmed Combat | 4 5 6 7 8 9 12 | 12.0
Spellcasting   | 1 |  1.7
Dodging        | 3 5 6 |  6.9
Fighting       | 2 4 5 |  5.7

Action                   |  1- 3 |  4- 6 |  7- 9 | 10-12 || total
-------------------------+-------+-------+-------+-------++-------
Melee: Unarmed           |   105 |   171 |   466 |    83 ||   825
       Headbutt          |     8 |     8 |       |       ||    16
       Punch             |       |     2 |     8 |     5 ||    15
       Tailslap          |       |       |       |     1 ||     1
 Cast: Beastly Appendage |    21 |    10 |       |     1 ||    32
       Spider Form       |       |    16 |    48 |       ||    64
       Blade Hands       |       |       |    10 |    12 ||    22
Invok: Sacrifice Experie |       |       |     1 |       ||     1
       Sacrifice Skill   |       |       |     1 |       ||     1
       Draw Out Power    |       |       |       |     1 ||     1
       Reject Sacrifices |       |       |       |     1 ||     1
  Use: Potion            |       |       |     4 |       ||     4
       Scroll            |       |       |     8 |     3 ||    11
 Stab: Sleeping          |     1 |     3 |     3 |       ||     7
       Distracted        |       |       |     2 |       ||     2
       Invisible         |       |       |     1 |       ||     1
       Confused          |       |       |     1 |       ||     1
Armor: Robe              |    19 |    20 |    14 |       ||    53
       Skin              |       |     5 |    11 |       ||    16
       Steam dragon scal |       |       |     8 |    13 ||    21
Dodge: Dodged            |    71 |   123 |   311 |    56 ||   561
Block: Other             |       |       |    81 |    11 ||    92
       Reflection        |       |       |     2 |       ||     2

Table legend: (Time is in decaauts)
 A = Elapsed time spent in this place.
 B = Non-inter-level travel time spent in this place.
 C = Inter-level travel time spent in this place.
 D = Time resting spent in this place.
 E = Time spent auto-exploring this place.
 F = Levels seen in this place.
 G = Mean time per level.
                   A        B        C        D        E       F      G
               +--------+--------+--------+--------+--------+-----+--------+
         Total |  12148 |  11780 |    368 |    206 |   9728 |  12 | 1012.3 |
       Dungeon |  11955 |  11590 |    365 |    206 |   9593 |  10 | 1195.5 |
        Temple |    167 |    164 |      3 |      0 |    135 |   1 |  167.0 |
  Orcish Mines |     24 |     24 |      0 |      0 |      0 |   1 |   24.0 |
               +--------+--------+--------+--------+--------+-----+--------+

Top non-repeatable levels by time:
     D:9: 2070 daAuts
     D:8: 1837 daAuts
     D:7: 1659 daAuts
     D:6: 1386 daAuts
     D:5: 1078 daAuts
     D:2: 1024 daAuts
     D:4: 933 daAuts
     D:3: 863 daAuts
     D:1: 640 daAuts
    D:10: 462 daAuts
  Temple: 167 daAuts
   Orc:1: 24 daAuts
